 Dungeon Crawl Stone Soup version 0.21.3-3-g218456f21e (webtiles) character file.

122 BrokenGlass the Skirmisher (level 5, 0/57 HPs)
             Began as an Octopode Wanderer on Apr 18, 2023.
             Slain by an adder (1 damage)
             ... on level 3 of the Dungeon.
             The game lasted 00:02:46 (2283 turns).

BrokenGlass the Skirmisher (Octopode Wanderer)      Turns: 2283, Time: 00:02:47

Health: 0/57       AC: 22    Str: 11    XL:     5   Next: 6%
Magic:  5/5        EV:  2    Int: 16    God:
Gold:   90         SH:  0    Dex: 11    Spells: 4/4 levels left

rFire    . . .     SeeInvis .     - Unarmed
rCold    . . .     Gourm    .   (no shield)
rNeg     + + +     Faith    .   (helmet currently unavailable)
rPois    +         Spirit   .   (no amulet)
rElec    .         Reflect  .   (no ring)
rCorr    .         Harm     .   (no ring)
MR       .....     NoTele   +   (no ring)
Stlth    ++........             (no ring)
HPRegen  0.19/turn              (no ring)
MPRegen  0.09/turn              (no ring)
                                (no ring)
                                (no ring)

@: lethally poisoned (0 -> -1), tree-form
A: almost no armour, stealthy swim, (amphibious), 8 rings, (constrict 8)
a: no special abilities


You were on level 3 of the Dungeon.
You were very hungry.
You were a tree.
You visited 1 branch of the dungeon, and saw 3 of its levels.

You collected 90 gold pieces.

Inventory:

Hand Weapons
 d - a +0 dagger
Missiles
 c - 29 stones
 g - a throwing net (quivered)
Scrolls
 e - 3 scrolls of teleportation {unknown}
 i - a scroll of immolation {unknown}
 j - a scroll of fog {unknown}
 o - a scroll of enchant weapon {unknown}
 p - 2 scrolls of identify {unknown}
 r - a scroll of remove curse {unknown}
 t - a scroll of blinking {unknown}
Potions
 h - a potion of agility {unknown}
 k - a potion of degeneration {unknown}
 l - a potion of mutation {unknown}
 m - a potion of flight {unknown}
 n - a potion of haste {unknown}
 q - 3 potions of might {unknown}
 s - a potion of berserk rage {unknown}
Books
 a - a book of Battle

   Spells                             Type                      Level
   a - Infusion                       Charms                       1
   b - Shroud of Golubria             Charms/Translocation         2
   c - Song of Slaying                Charms                       2
   d - Spectral Weapon                Hexes/Charms                 3
   e - Regeneration                   Charms/Necromancy            3
Comestibles
 f - 7 rations


   Skills:
 + Level 4.7 Fighting
 - Level 1.0 Throwing
 - Level 1.0 Dodging
 - Level 2.6 Stealth
 - Level 2.0 Unarmed Combat
   Level 1.0 Charms
   Level 2.0 Fire Magic


You had 4 spell levels left.
You didn't know any spells.

Dungeon Overview and Level Annotations

Branches:
Dungeon (3/15)

Altars:


Innate Abilities, Weirdness & Mutations

You cannot wear most types of armour.
You are very stealthy in the water. (Stealth+)
((You are amphibious.))
You can wear up to eight rings at the same time.
((You can use your tentacles to constrict eight enemies at once.))
((Your skin changes colour to match your surroundings (Stealth+).))
((Your rubbery body absorbs attacks. (AC +1, EV +1)))


Message History

Unknown command.
You are now empty-handed.
Unknown command.
You closely miss the adder. The bat hits you but does no damage.
The adder bites you.
* * * LOW HITPOINT WARNING * * *
You are lethally poisoned!
The adder poisons you! The adder bites you but does no damage.
Unknown command.
You smack the adder!
The adder is almost dead.
* * * LOW HITPOINT WARNING * * *
You feel sick. The bat hits you but does no damage.
The adder bites you but does no damage.
Unknown command.
Unknown command.
You closely miss the adder.
The adder is almost dead.
The bat hits you but does no damage. x3; The adder bites you.
You die...

.....#..#s.........
.......<(hK(....###
##......####.####
#.#/..##....(..#
##.# #.......# #.
#..%....#
#.###.......# #
[.....b...# # #.
#....♣..##... ##.
#. #....S....<..
...##.##
#####.####...
.......# ######.##
#
...#...####.......#
#...>...##.####..#
#..........# #.##
##.).....#### #.#
......<### #.#


You could see an adder and a bat.

Vanquished Creatures
  A worker ant (D:2)
  5 adders (D:2)
  3 oozes (D:1)
  2 dart slugs (D:2)
  A leopard gecko (D:1)
  A ball python (D:2)
  4 goblins
  5 hobgoblins
  A jackal (D:2)
  3 kobolds
  10 bats
  2 frilled lizards (D:1)
  4 rats
42 creatures vanquished.

Notes
Turn   | Place    | Note
-------+----------+-------------------------------------------
     0 | D:1      | BrokenGlass the Octopode Wanderer began the quest for the Orb.
     0 | D:1      | BrokenGlass set off with: a book of Battle, a potion of lignification, a potion of curing, a +0 dagger, a ration
     0 | D:1      | Reached XP level 1. HP: 13/13 MP: 1/1
    37 | D:1      | Reached skill level 2 in Fighting
    37 | D:1      | Reached XP level 2. HP: 19/19 MP: 2/2
   528 | D:1      | Reached skill level 3 in Fighting
   528 | D:1      | Reached XP level 3. HP: 15/26 MP: 3/3
   982 | D:2      | Reached XP level 4. HP: 13/33 MP: 4/4
  1380 | D:2      | Reached skill level 4 in Fighting
  1921 | D:2      | Reached XP level 5. HP: 10/38 MP: 5/5
  1936 | D:2      | HP: 1/38 [poisoned by an adder]
  2281 | D:3      | HP: 2/57 [adder (2)]
  2283 | D:3      | Slain by an adder

Skill      XL: |  1  2  3  4 |
---------------+-------------+-----
Fighting       | 2 3 4 |  4.7
Throwing       | |  1.0
Dodging        | |  1.0
Stealth        | |  2.6
Unarmed Combat | |  2.0
Charms         | |  1.0
Fire Magic     | |  2.0

Action                   |  1- 3 |  4- 6 || total
-------------------------+-------+-------++-------
Melee: Dagger            |    62 |    54 ||   116
       Tentacles         |    10 |     9 ||    19
       Constrict         |    11 |    10 ||    21
       Unarmed           |       |     3 ||     3
  Use: Potion            |     1 |     2 ||     3
 Stab: Sleeping          |    11 |     3 ||    14
  Eat: Chunk             |       |     3 ||     3
Armor: Skin              |     3 |    17 ||    20
Dodge: Dodged            |    30 |    53 ||    83
